 Dungeon Crawl Stone Soup version 0.28-a0-1002-gf00fe891ef (webtiles) character file.

Game seed: 5268861634489490617

20434 ders the Geomancer (level 12, -9/59 HPs)
             Began as a Gargoyle Earth Elementalist on Dec 6, 2021.
             Was a Priest of Vehumet.
             Killed from afar by a will-o-the-wisp (23 damage)
             ... with a foxfire
             ... on level 2 of the Lair of Beasts on Dec 7, 2021.
             The game lasted 00:19:27 (16699 turns).

ders the Geomancer (Gargoyle Earth Elementalist)   Turns: 16699, Time: 00:19:28

Health: -9/59      AC: 18    Str: 13    XL:     12   Next: 79%
Magic:  24/36      EV: 12    Int: 20    God:    Vehumet [***...]
Gold:   1538       SH:  0    Dex: 14    Spells: 21/33 levels left

rFire   . . .      SeeInvis +   A - +7 falchion of Valiance {flame, MP+9 Dex+4}
rCold   . . .      Faith    .   (no shield)
rNeg    + . .      Spirit   .   F - +0 steam dragon scales
rPois   ∞          Reflect  .   k - +0 helmet
rElec   +          Harm     .   (no cloak)
rCorr   .          Rampage  .   y - +2 pair of gloves
Will    .....                   i - +0 pair of boots
Stlth   ++........              j - amulet of the acrobat
HPRegen 0.19/turn               q - ring of flight
MPRegen 0.25/turn               f - ring of see invisible

@: flying, very slightly contaminated
A: sickness immunity, AC +8, negative energy resistance 1, electricity
resistance, torment resistance 1, petrification resistance
a: Renounce Religion


You were on level 2 of the Lair of Beasts.
You worshipped Vehumet.
Vehumet was most pleased with you.
You visited 3 branches of the dungeon, and saw 14 of its levels.
You also visited: Volcano.

You collected 1538 gold pieces.

Inventory:

Hand Weapons
 g - a +0 dagger
 o - a +5 dagger
 A - the +7 falchion of Valiance (weapon) {flame, MP+9 Dex+4}
   (You took it off a gnoll on level 6 of the Dungeon)

   It burns those it strikes, dealing additional fire damage.
   Big, fiery blades are also staple armaments of hydra-hunters.
   Dex:       It affects your dexterity (+4).
   MP:        It affects your magic capacity (+9).
Missiles
 c - 218 stones
 u - 3 throwing nets
Armour
 b - a +0 robe
 i - a +0 pair of boots (worn)
 k - a +0 helmet (worn)
 y - a +2 pair of gloves (worn)
 F - +0 steam dragon scales (worn)
 J - a +0 cloak
Jewellery
 f - a ring of see invisible (right hand)
 j - an amulet of the acrobat (around neck)
 q - a ring of flight (left hand)
 H - a +4 ring of evasion
 N - a +6 ring of dexterity
Wands
 z - a wand of paralysis (4)
 G - a wand of flame (24)
 K - a wand of acid (7)
Scrolls
 a - 2 scrolls of noise
 n - 10 scrolls of teleportation
 t - a scroll of fog
 C - a scroll of magic mapping {unknown}
 E - 3 scrolls of fear
 I - 2 scrolls of identify
 L - 2 scrolls of blinking
 O - a scroll of silence {unknown}
Potions
 d - 4 potions of curing
 e - 2 potions of cancellation {unknown}
 h - a potion of attraction {unknown}
 l - 3 potions of brilliance
 m - 2 potions of berserk rage {unknown}
 p - a potion of resistance
 r - 2 potions of lignification {unknown}
 s - 3 potions of flight
 v - 3 potions of might {unknown}
 w - a potion of invisibility {unknown}
 x - a potion of heal wounds
 B - 3 potions of mutation
 D - 3 potions of degeneration {unknown}
Miscellaneous
 M - a tin of tremorstones (2/2)


   Skills:
 - Level 1.5 Dodging
 - Level 2.1 Stealth
 + Level 11.4 Spellcasting
 + Level 13.1 Conjurations
 - Level 0.7 Transmutations
 + Level 14.7 Earth Magic


You had 21 spell levels left.
You knew the following spells:

 Your Spells              Type           Power      Damage    Failure   Level
a - Sandblast             Erth           100%       2d20      0%          1
b - Stone Arrow           Conj/Erth      100%       3d13      1%          3
c - Petrify               Tmut/Erth      42%        N/A       2%          4
d - Leda's Liquefaction   Hex/Erth       20%        N/A       3%          4

Your spell library contained the following spells:

 Spells                   Type           Power      Damage    Failure   Level
 Scorch                   Fire           22%        2d6       2%          2
 Magic Dart               Conj           100%       1d8       1%          1
 Passwall                 Tmut/Erth      35%        N/A       1%          2
 Mephitic Cloud           Conj/Pois/Air  28%        N/A       1%          3
 Call Imp                 Summ           11%        N/A       9%          2
 Ensorcelled Hibernation  Hex/Ice        22%        N/A       9%          2
 Call Canine Familiar     Summ           11%        N/A       19%         3
 Portal Projectile        Hex/Tloc       22%        N/A       19%         3
 Tukima's Dance           Hex            11%        N/A       19%         3


Dungeon Overview and Level Annotations

Branches:
Dungeon (11/15)            Temple (1/1) D:7            Lair (2/6) D:8
  Swamp (0/4) Lair:2      Volcano (visited)
  Snake: Lair:2-4    Spider: Lair:2-4       Orc: D:9-12

Altars:
Ashenzari
Cheibriados
Dithmenos
Elyvilon
Fedhas
Gozag
Hepliaklqana
Kikubaaqudgha
Makhleb
Nemelex Xobeh
Okawaru
Qazlal
Ru
Sif Muna
Trog
Uskayaw
Vehumet
Wu Jian
Xom
Yredelemnul
Zin
The Shining One

Shops:
D:6 *

Annotations:
D:7 2 transporters, pokeman's ghost, novice DEWz


Innate Abilities, Weirdness & Mutations

You are immune to sickness and miasma.
Your stone body is resilient. (AC +8)
You are immune to poison.
You resist negative energy. (rN+)
You are resistant to electric shocks. (rElec)
You are resistant to unholy torment.
You are immune to petrification.


Message History

Casting: Stone Arrow (safe; 1% risk of failure)
Confirm with . or Enter, or press ? or * to list all spells.
Aiming: Stone Arrow (safe; 1% risk of failure)
Press: ? - help, Shift-Dir - straight line, f - will-o-the-wisp
Aim: a will-o-the-wisp (thin mist, 78% to hit)
The stone arrow hits the will-o-the-wisp.
The will-o-the-wisp is lightly damaged.
The water moccasin hisses angrily.
Unknown command.
Casting: Stone Arrow (safe; 1% risk of failure)
Confirm with . or Enter, or press ? or * to list all spells.
Aiming: Stone Arrow (safe; 1% risk of failure)
Press: ? - help, Shift-Dir - straight line, f/p - will-o-the-wisp
Aim: a will-o-the-wisp (lightly damaged, 78% to hit)
The stone arrow hits the will-o-the-wisp!
The will-o-the-wisp is heavily damaged.
The will-o-the-wisp gestures.
The will-o-the-wisp conjures some foxfire! 2 foxfires come into view.
Unknown command.
Casting: Stone Arrow (safe; 1% risk of failure)
Confirm with . or Enter, or press ? or * to list all spells.
Aiming: Stone Arrow (safe; 1% risk of failure)
Press: ? - help, Shift-Dir - straight line, f/p - will-o-the-wisp
Aim: a will-o-the-wisp (heavily damaged, 78% to hit)
The stone arrow hits the foxfire!!
The foxfire is lightly damaged.
The foxfire hits you!! The foxfire hits you.
The will-o-the-wisp gestures.
The will-o-the-wisp conjures some foxfire! 2 foxfires come into view.
Unknown command.
Casting: Stone Arrow (safe; 1% risk of failure)
Confirm with . or Enter, or press ? or * to list all spells.
You miscast Leda's Liquefaction.
You are very lightly contaminated with residual magic.
Nothing appears to happen.
The foxfire hits you!
* * * LOW HITPOINT WARNING * * *
The foxfire hits you!!
You die...

###. ... ##... ...
##.... .... ##.....
.§§≈. ##...... .§>..##
###....... .≈.§§§§###
#.P....... ...§.vSv.#
##.........
#...§§@######..........
#........#.###........)
###P...................
##...................
###P................
##............#..#
##............###
#.............#
#..............###


You could see a will-o-the-wisp and a water moccasin.

Vanquished Creatures
  Josephine (D:10)
  3 hydras
  Harold (Lair:2)
  3 two-headed ogres
  Urug (Lair:2)
  A cyclops (D:11)
  Maurice (D:9)
  A black mamba (Lair:2)
  Maggie (D:6)
  A cane toad (Lair:2)
  5 komodo dragons
  A troll (D:9)
  2 hornets
  3 blink frogs
  A meliai zombie (D:11)
  8 yaks
  Sigmund (D:6)
  A wyvern (D:8)
  7 wraiths
  4 basilisks
  3 vampire mosquitoes (D:11)
  4 steam dragons
  Grum (D:8)
  3 acid dragons
  7 water moccasins
  4 orc warriors
  An ice beast (D:7)
  4 ogres
  A black bear (Lair:2)
  2 hornet zombies
  9 wolves
  6 centaurs
  A phantom (D:5)
  2 kobold brigands
  6 bullfrogs
  A gnoll sergeant (D:9)
  A wyvern zombie (D:7)
  2 scorpions
  A water moccasin zombie (D:5)
  4 killer bees (D:10)
  4 water moccasin skeletons
  8 wights
  A howler monkey (D:5)
  6 lava snakes (D:11)
  5 centaur zombies
  4 hounds
  A bullfrog zombie (D:6)
  A centaur skeleton (D:4)
  2 jellies (D:7)
  5 orc priests
  2 gnoll shamans
  A bullfrog skeleton (D:5)
  An iguana (D:4)
  12 orc wizards
  A killer bee zombie (D:5)
  4 howler monkey zombies
  12 gnolls
  12 adders
  3 dart slugs
  24 orcs
  3 bats
  5 endoplasms
  A giant cockroach (D:4)
  4 goblins
  4 hobgoblins
  A jackal (D:2)
  8 kobolds
  5 quokkas
  5 ball pythons
  2 frilled lizards (D:1)
  6 rats
  A bush (D:4)
264 creatures vanquished.

Vanquished Creatures (others)
  3 foxfires (Lair:2)
  2 fungi (Lair:2)
  7 plants (D:4)
12 creatures vanquished.

Grand Total: 276 creatures vanquished

Notes
Turn   | Place    | Note
-------+----------+-------------------------------------------
     0 | D:1      | ders the Gargoyle Earth Elementalist began the quest for
                  | the Orb.
     0 | D:1      | Reached XP level 1. HP: 10/10 MP: 3/3
   402 | D:1      | Reached XP level 2. HP: 15/15 MP: 3/5
   636 | D:1      | Reached skill level 1 in Conjurations
  1271 | D:2      | Reached skill level 4 in Earth Magic
  1330 | D:2      | Reached XP level 3. HP: 19/19 MP: 0/6
  2039 | D:2      | Reached XP level 4. HP: 24/24 MP: 5/8
  2862 | D:4      | Reached XP level 5. HP: 28/28 MP: 6/9
  2948 | D:4      | Reached skill level 5 in Earth Magic
  3005 | D:4      | Noticed an ogre
  3011 | D:4      | Killed an ogre
  3012 | D:4      | Reached XP level 6. HP: 12/32 MP: 3/11
  3208 | D:4      | Learned a level 3 spell: Stone Arrow
  3813 | D:4      | Reached skill level 6 in Earth Magic
  3813 | D:4      | Reached XP level 7. HP: 20/36 MP: 6/13
  4269 | D:5      | Entered Level 5 of the Dungeon
  5048 | D:5      | Reached skill level 5 in Conjurations
  5393 | D:5      | Reached skill level 5 in Spellcasting
  5393 | D:5      | Reached skill level 7 in Earth Magic
  5393 | D:5      | Reached XP level 8. HP: 41/41 MP: 7/15
  6010 | D:6      | Noticed Sigmund
  6015 | D:6      | Killed Sigmund
  6157 | D:6      | Noticed Maggie
  6162 | D:6      | Paralysed by Maggie for 2 turns
  6301 | D:5      | Reached skill level 8 in Earth Magic
  6859 | D:6      | Reached XP level 9. HP: 45/45 MP: 8/18
  6943 | D:6      | Found a shimmering blue altar of Sif Muna.
  6944 | D:6      | Found a shimmering altar of Xom.
  6950 | D:6      | Found a snail-covered altar of Cheibriados.
  7134 | D:6      | Killed Maggie
  7135 | D:6      | Reached skill level 9 in Earth Magic
  7233 | D:6      | Identified the +7 falchion of Valiance {flame, MP+9 Dex+4}
  7601 | D:6      | Found Gap Zab's Serpentskin Sales.
  7817 | D:7      | Found a transporter.
  7822 | D:7      | Found a transporter.
  7822 | D:7      | Noticed a hornet
  7831 | D:7      | Noticed pokeman's ghost (novice DEWz)
  8221 | D:7      | Reached skill level 10 in Earth Magic
  8581 | D:7      | Reached XP level 10. HP: 34/50 MP: 14/21
  8595 | D:7      | Found a staircase to the Ecumenical Temple.
  8923 | Temple   | Entered the Ecumenical Temple
  8948 | Temple   | Became a worshipper of Vehumet
  9412 | D:8      | Noticed a two-headed ogre
  9470 | D:8      | Found a hide-covered altar of Uskayaw.
  9502 | D:8      | Identified 2 scrolls of acquirement
  9502 | D:8      | Acquired 797 gold pieces
  9505 | D:8      | Acquired a ring of see invisible
  9627 | D:8      | Noticed a +0 dagger
  9628 | D:8      | Noticed a +0 hand axe
  9824 | D:8      | Killed a two-headed ogre
  9825 | D:8      | Reached skill level 11 in Earth Magic
  9993 | D:8      | Noticed Grum
  9999 | D:8      | Killed Grum
 10195 | D:8      | Noticed a two-headed ogre
 10200 | D:8      | Killed a two-headed ogre
 10201 | D:8      | Reached skill level 10 in Conjurations
 10336 | D:8      | Found a staircase to the Lair.
 10364 | D:8      | Reached * piety under Vehumet
 10364 | D:8      | Offered knowledge of Freeze by Vehumet.
 10365 | D:8      | Reached XP level 11. HP: 54/54 MP: 22/24
 10681 | D:9      | Noticed Maurice
 10690 | D:9      | Killed Maurice
 10691 | D:9      | Reached skill level 12 in Earth Magic
 11516 | D:10     | Entered Level 10 of the Dungeon
 11516 | D:10     | Noticed Josephine
 11804 | D:10     | Noticed a two-headed ogre
 11809 | D:10     | Killed a two-headed ogre
 11897 | D:10     | Killed Josephine
 12823 | D:11     | Offered knowledge of Searing Ray by Vehumet.
 12913 | D:11     | Reached skill level 13 in Earth Magic
 12999 | D:11     | Reached skill level 10 in Spellcasting
 13001 | D:11     | Reached ** piety under Vehumet
 13613 | D:11     | Noticed a cyclops
 13707 | D:11     | Killed a cyclops
 13708 | D:11     | Reached XP level 12. HP: 40/59 MP: 26/26
 14346 | Lair:1   | Entered Level 1 of the Lair of Beasts
 14381 | Lair:1   | Noticed an eight-headed hydra
 14392 | Lair:1   | Killed an eight-headed hydra
 14437 | Lair:1   | Learned a level 4 spell: Petrify
 14442 | Lair:1   | Learned a level 4 spell: Leda's Liquefaction
 14711 | Lair:1   | Found a dark tunnel.
 14744 | Volcano  | Entered a volcano
 15406 | Lair:2   | Offered knowledge of Scorch by Vehumet.
 15463 | Lair:2   | Noticed a seven-headed hydra
 15467 | Lair:2   | Killed a seven-headed hydra
 15471 | Lair:2   | Reached skill level 14 in Earth Magic
 15746 | Lair:2   | Noticed a five-headed hydra
 15774 | Lair:2   | Killed a five-headed hydra
 16069 | Lair:2   | Noticed Urug
 16174 | Lair:2   | Killed Urug
 16341 | Lair:2   | Noticed Harold
 16347 | Lair:2   | Killed Harold
 16355 | Lair:2   | Reached *** piety under Vehumet
 16693 | Lair:2   | Found a staircase to the Swamp.
 16699 | Lair:2   | Killed from afar by a will-o-the-wisp

Illustrated notes

Levels and vault maps discovered:
D:1:      kennysheep_arrival_seaside, layout_loops_ring, serial_bayou_ford_a
D:2:      layout_basic, minmay_tetromino_t2
D:3:      layout_rooms
D:4:      layout_rooms, serial_forest, infiniplex_forest_zigzag_2,
          infiniplex_forest_clump_medium, infiniplex_forest_lined_3_way,
          infiniplex_forest_split, infiniplex_forest_lined_2,
          infiniplex_forest_straight_2, infiniplex_forest_fountain
D:5:      layout_loops_ring
D:6:      layout_rooms, minitemple, guppyfry_shop_venom, uniq_sigmund,
          uniq_maggie
D:7:      layout_rooms, temple_statues, gammafunk_ghost_hive,
          grunt_decor_arrowhead, minmay_starry_boxes
D:8:      layout_basic, dancing_weapons_uskayaw, erik_lair_dragon, uniq_grum
D:9:      minmay_blocky_corners, layout_basic, solitary_fountain, uniq_maurice
D:10:     layout_loops_ring, uniq_josephine
D:11:     erik_rubicon_a, layout_irregular_city, gauntlet_entry_generic,
          hangedman_abyss_or_decor_clamps
Temple:   nicolae_temple_no_exploring_needed
Lair:1:   layout_gridlike, enter_volcano_2
Lair:2:   beast_lair_carwin_large_2, layout_hall_layers,
          minmay_swamp_entry_wisps, infiniplex_staircase_pool_2, uniq_harold,
          uniq_urug

Skill      XL: |  1  2  3  4  5  6  7  8  9 10 11 12 |
---------------+-------------------------------------+-----
Conjurations   | 1 2 3 4 5 6 8 10 11 13 | 13.1
Earth Magic    | 4 5 6 7 8 10 11 13 14 | 14.7
Spellcasting   | 3 4 5 6 7 9 10 11 | 11.4
Dodging        | |  1.5
Stealth        | |  2.1
Transmutations | |  0.7

Action                   |  1- 3 |  4- 6 |  7- 9 | 10-12 || total
-------------------------+-------+-------+-------+-------++-------
Melee: Dagger            |    11 |     2 |   362 |       ||   375
       Falchion          |       |       |       |    11 ||    11
 Cast: Sandblast         |    43 |    60 |    78 |    41 ||   222
       Stone Arrow       |       |     2 |    99 |   251 ||   352
       Leda's Liquefacti |       |       |       |     5 ||     5
       Petrify           |       |       |       |     3 ||     3
  Use: Potion            |       |       |     5 |       ||     5
       Scroll            |       |       |     4 |    12 ||    16
 Stab: Petrified         |       |       |       |     6 ||     6
Armor: Robe              |     8 |    13 |    32 |     9 ||    62
       Steam dragon scal |       |       |       |    59 ||    59
Dodge: Dodged            |    27 |    23 |    49 |   103 ||   202

Table legend: (Time is in decaauts)
 A = Elapsed time spent in this place.
 B = Non-inter-level travel time spent in this place.
 C = Inter-level travel time spent in this place.
 D = Time resting spent in this place.
 E = Time spent auto-exploring this place.
 F = Levels seen in this place.
 G = Mean time per level.
                   A        B        C        D        E       F      G
               +--------+--------+--------+--------+--------+-----+--------+
         Total |  16749 |  15782 |    967 |   4721 |   8971 |  15 | 1116.6 |
       Dungeon |  14352 |  13440 |    912 |   4184 |   7449 |  11 | 1304.7 |
        Temple |     32 |     26 |      6 |      0 |     17 |   1 |   32.0 |
          Lair |   2321 |   2272 |     49 |    537 |   1497 |   2 | 1160.5 |
       Volcano |     42 |     42 |      0 |      0 |      8 |   1 |   42.0 |
               +--------+--------+--------+--------+--------+-----+--------+

Top non-repeatable levels by time:
     D:5: 1993 daAuts
     D:4: 1935 daAuts
     D:8: 1664 daAuts
    D:11: 1558 daAuts
     D:7: 1298 daAuts
     D:6: 1265 daAuts
  Lair:2: 1256 daAuts
     D:2: 1204 daAuts
     D:1: 1115 daAuts
  Lair:1: 1064 daAuts
    D:10: 1006 daAuts
     D:9: 787 daAuts
     D:3: 522 daAuts
 Volcano: 42 daAuts
  Temple: 32 daAuts
